 Dungeon Crawl Stone Soup version 0.28-a0-1505-g8c907de6ad (webtiles) character file.

Game seed: 667694645664798437

1000 kae the Insei (level 8, -6/58 HPs)
             Began as a Demonspawn Transmuter on Jan 13, 2022.
             Mangled by an orc warrior (19 damage)
             ... on level 7 of the Dungeon.
             The game lasted 00:04:40 (7473 turns).

kae the Insei (Demonspawn Transmuter)               Turns: 7473, Time: 00:04:40

Health: -6/58      AC:  3    Str: 10    XL:     8   Next: 0%
Magic:  11/13      EV: 13    Int: 16    God:
Gold:   317        SH:  0    Dex: 15    Spells: 6/14 levels left

rFire   . . .      SeeInvis .     - Unarmed
rCold   . . .      Faith    .   (no shield)
rNeg    . . .      Spirit   .   a - +0 robe
rPois   +          Reflect  .   (helmet restricted)
rElec   .          Harm     .   o - +0 cloak
rCorr   .          Rampage  .   (no gloves)
Will    .....                   (no boots)
Stlth   +.........              (no amulet)
HPRegen 0.19/turn               b - ring of poison resistance
MPRegen 0.13/turn               q - ring of wizardry

@: no status effects
A: horns 2, demonic guardian 2, spiny 1
a: no special abilities


You were on level 7 of the Dungeon.
You visited 1 branch of the dungeon, and saw 7 of its levels.
You also visited: Ossuary.

You collected 317 gold pieces.

Inventory:

Missiles
 e - a throwing net
Armour
 a - a +0 robe (worn)
 o - a +0 cloak (worn)
Jewellery
 b - a ring of poison resistance (left hand)
 k - a ring of resist corrosion
 n - a ring of protection from cold
 q - a ring of wizardry (right hand)
Wands
 l - a wand of charming (8)
Scrolls
 i - 3 scrolls of blinking
 m - a scroll of brand weapon
 t - 4 scrolls of teleportation
Potions
 c - 3 potions of degeneration
 d - a potion of curing {unknown}
 f - 2 potions of lignification
 g - 2 potions of ambrosia {unknown}
 h - 2 potions of might
 j - a potion of berserk rage
 p - a potion of resistance {unknown}
 s - 6 potions of attraction {unknown}


   Skills:
 + Level 3.1 Fighting
 + Level 3.3 Dodging
 * Level 5.0 Unarmed Combat
 + Level 3.5 Spellcasting
 * Level 4.5 Transmutations
 * Level 2.4 Ice Magic
 - Level 1.0 Poison Magic


You had 6 spell levels left.
You knew the following spells:

 Your Spells              Type           Power      Damage    Failure   Level
a - Beastly Appendage     Tmut           34%        N/A       1%          1
b - Spider Form           Tmut/Pois      11%        N/A       7%          3
c - Ice Form              Ice/Tmut       13%        N/A       16%         4

Your spell library contained the following spells:

 Spells                   Type           Power      Damage    Failure   Level
 Wereblood                Tmut           17%        N/A       1%          2
 Poisonous Vapours        Pois/Air       8%         N/A       9%          2
 Ozocubu's Armour         Ice            10%        N/A       9%          3
 Corpse Rot               Necr/Air       4%         N/A       11%         2
 Sublimation of Blood     Necr           2%         N/A       11%         2
 Gell's Gravitas          Tloc           2%         N/A       21%         3
 Lesser Beckoning         Tloc           2%         N/A       21%         3
 Stone Arrow              Conj/Erth      4%         3d7       21%         3
 Teleport Other           Tloc           2%         N/A       21%         3
 Animate Armour           Summ/Erth      4%         N/A       54%         4
 Metabolic Englaciation   Hex/Ice        3%         N/A       71%         5
 Simulacrum               Ice/Necr       3%         N/A       99%         6
 Summon Hydra             Summ           1%         N/A       100%        7
 Lehudib's Crystal Spear  Conj/Erth      1%         10d2      100%        8


Dungeon Overview and Level Annotations

Branches:
Dungeon (7/15)            Ossuary (visited)
 Temple: D:4-7

Altars:
Okawaru
Trog
Uskayaw
Wu Jian
Yredelemnul

Annotations:
D:6 exclusion: centaur, Blork the orc, Sigmund


Innate Abilities, Weirdness & Mutations

You have a pair of horns on your head.
A demonic guardian rushes to your aid.
You are partially covered in sharp spines.


Message History

t - Hiss!
Orders for allies: a - Attack new target. r - Retreat! s - Stop attacking. g - Guard the area. f - Follow me.
Anything else - Cancel.
Gang up on whom?
Press: ? - help, Dir - move target, f - orc warrior
Aim: an orc warrior, wielding a +0 mace and wearing a +0 plate armour (wandering, hasn't noticed you) Attack!
Your transformation is almost over.
You swap places.
An orc comes into view. It is wielding a +0 club.
The orc shouts!
You see here a +0 club.
You swap places.
The orc warrior hits your rust devil but does no damage.
Your rust devil hits the orc warrior.
Your rust devil corrodes the orc warrior!
The orc hits your rust devil but does no damage.
The orc warrior hits your rust devil with a +0 mace.
Your rust devil hits the orc warrior.
The orc warrior seems to be corroded for longer.
The orc barely misses your rust devil.
The orc warrior closely misses your rust devil.
Your rust devil barely misses the orc warrior.
The orc hits your rust devil with a +0 club.
The orc warrior hits your rust devil with a +0 mace.
Your rust devil closely misses the orc warrior.
The orc hits your rust devil but does no damage.
Your rust devil disappears in a puff of smoke!
An orc comes into view. It is wielding a +0 dagger.
Your transformation has ended.
Your +0 cloak unmelds from your body.
Your +0 robe unmelds from your body.
You completely miss the orc.
The orc shouts!
The orc warrior hits you with a +0 mace!
* * * LOW HITPOINT WARNING * * *
The orc closely misses you.
The orc warrior hits you with a +0 mace!!
You die...

######### ### #........
..# #.######. #.###.###
#.# #.
#....o..######.######.
#.###o#.#.............
#...o.#.#.####(.......
#.###@#.#.# #.#.##### #
#.#.#.####.#.#
.#.###.#.#.##...#.#
#.........#.##.###.#
.....#...##.##.###.# #
.........##.##.##..# ##
.....#...##........####.
......................'.
##...#########.....####.


You could see an orc warrior (corroded) and 2 orcs.

Vanquished Creatures
  A centaur (D:7)
  A bullfrog (D:4)
  An elf zombie (Ossuary)
  2 scorpions
  A water moccasin skeleton (D:4)
  A hound (D:4)
  A human zombie (Ossuary)
  2 orc priests (D:7)
  3 orc wizards (D:5)
  An iguana (D:5)
  3 mummies (Ossuary)
  3 gnolls (D:7)
  2 howler monkey skeletons (D:7)
  7 adders
  2 ufetubi
  An adder skeleton (D:4)
  An adder zombie (Ossuary)
  3 worms
  4 dart slugs
  16 orcs
  4 ball pythons
  4 endoplasms
  3 giant cockroaches
  2 goblins (D:2)
  3 hobgoblins
  4 kobolds
  3 quokkas
  2 bats (D:2)
  4 frilled lizards
  4 gnoll zombies (Ossuary)
  2 hobgoblin zombies (Ossuary)
  A kobold zombie (Ossuary)
  An orc zombie (Ossuary)
  6 rats
  A rat zombie (Ossuary)
100 creatures vanquished.

Vanquished Creatures (collateral kills)
  An orc warrior (D:7)
  An orc wizard (D:7)
  A mummy (Ossuary)
  A white imp (D:7)
4 creatures vanquished.

Vanquished Creatures (others)
  2 plants (D:6)
2 creatures vanquished.

Grand Total: 106 creatures vanquished

Notes
Turn   | Place    | Note
-------+----------+-------------------------------------------
     0 | D:1      | kae the Demonspawn Transmuter began the quest for the Orb.
     0 | D:1      | Reached XP level 1. HP: 15/15 MP: 3/3
   406 | D:1      | Gained mutation: A weak demonic guardian rushes to your
                  | aid. [demonic ancestry]
   406 | D:1      | Reached XP level 2. HP: 15/21 MP: 3/5
   756 | D:1      | Found a faded altar of an unknown god.
  1160 | D:2      | Reached skill level 3 in Unarmed Combat
  1345 | D:2      | Reached XP level 3. HP: 19/26 MP: 6/6
  2546 | D:3      | Learned a level 3 spell: Spider Form
  2653 | D:3      | Found a basalt altar of Yredelemnul.
  2694 | D:3      | Mutation became permanent: You have a pair of small horns
                  | on your head. [demonic ancestry]
  2694 | D:3      | Gained mutation: You have a pair of horns on your head.
                  | [demonic ancestry]
  2694 | D:3      | Reached XP level 4. HP: 31/32 MP: 5/7
  3232 | D:3      | Found an ornate altar of the Wu Jian Council.
  3585 | D:4      | Found a bloodstained altar of Trog.
  3807 | D:4      | Noticed a scorpion
  3814 | D:4      | Killed a scorpion
  3815 | D:4      | Reached skill level 1 in Poison Magic
  3815 | D:4      | Gained mutation: You have a pair of horns on your head.
                  | [demonic ancestry]
  3815 | D:4      | Reached XP level 5. HP: 38/38 MP: 4/8
  3967 | D:4      | Reached XP level 6. HP: 6/44 MP: 10/10
  4024 | D:3      | Found an iron altar of Okawaru.
  4024 | D:3      | Found a hide-covered altar of Uskayaw.
  4285 | D:4      | Reached skill level 4 in Unarmed Combat
  4884 | D:4      | Learned a level 4 spell: Ice Form
  4911 | D:5      | Entered Level 5 of the Dungeon
  5203 | D:5      | Found a sand-covered staircase.
  5210 | Ossuary  | Entered an ossuary
  5230 | Ossuary  | Reached skill level 1 in Ice Magic
  5238 | Ossuary  | Gained mutation: A demonic guardian rushes to your aid.
                  | [demonic ancestry]
  5238 | Ossuary  | Reached XP level 7. HP: 32/51 MP: 9/11
  6129 | D:5      | You fall into a shaft and drop 2 floors!
  6260 | D:6      | Noticed Blork the orc
  6492 | D:6      | Noticed Sigmund
  7459 | D:7      | Reached skill level 5 in Unarmed Combat
  7459 | D:7      | Gained mutation: You are partially covered in sharp spines.
                  | [demonic ancestry]
  7459 | D:7      | Reached XP level 8. HP: 25/58 MP: 9/13
  7473 | D:7      | Mangled by an orc warrior

Illustrated notes

Levels and vault maps discovered:
D:1:      onia_arrival_pentagram, layout_basic,
          hellmonk_ecumenical_altar_zigzags
D:2:      minmay_alternating_diamond, layout_basic, roderic_filled_cross
D:3:      layout_loops_cross, nicolae_overflow_hidden_temple
D:4:      layout_loops_ring, trog_butcher_becter, minmay_crystal_room
D:5:      layout_gridville, enter_ossuary_5
D:6:      layout_cave_pools, temple_fountains, serial_bayou,
          serial_bayou_lagoon_b, serial_bayou_shore_a, serial_bayou_pond_b,
          serial_bayou_pond_c, uniq_blork_the_orc, uniq_sigmund, uniq_maggie,
          uniq_grinder
D:7:      layout_loops_corners

Skill      XL: |  1  2  3  4  5  6  7 |
---------------+----------------------+-----
Transmutations | 2 3 4 |  4.5
Unarmed Combat | 3 4 5 |  5.0
Dodging        | 2 3 |  3.3
Poison Magic   | 1 |  1.0
Fighting       | 2 3 |  3.1
Spellcasting   | 3 |  3.5
Ice Magic      | 1 2 |  2.4

Action                   |  1- 3 |  4- 6 |  7- 9 || total
-------------------------+-------+-------+-------++-------
Melee: Unarmed           |    79 |   123 |   104 ||   306
       Kick              |    20 |    10 |     4 ||    34
       Headbutt          |    10 |     9 |     8 ||    27
       Punch             |       |     2 |     1 ||     3
 Cast: Beastly Appendage |    23 |    17 |     4 ||    44
       Spider Form       |       |     4 |    13 ||    17
       Ice Form          |       |     1 |       ||     1
  Use: Scroll            |     2 |    10 |     3 ||    15
       Potion            |       |     4 |       ||     4
 Stab: Invisible         |       |     2 |       ||     2
Armor: Robe              |    14 |    19 |     5 ||    38
       Skin              |       |    31 |     5 ||    36
Dodge: Dodged            |    61 |    76 |    72 ||   209

Table legend: (Time is in decaauts)
 A = Elapsed time spent in this place.
 B = Non-inter-level travel time spent in this place.
 C = Inter-level travel time spent in this place.
 D = Time resting spent in this place.
 E = Time spent auto-exploring this place.
 F = Levels seen in this place.
 G = Mean time per level.
                   A        B        C        D        E       F      G
               +--------+--------+--------+--------+--------+-----+--------+
         Total |   7457 |   7203 |    254 |    510 |   5737 |   8 |  932.1 |
       Dungeon |   6853 |   6599 |    254 |    510 |   5226 |   7 |  979.0 |
       Ossuary |    604 |    604 |      0 |      0 |    511 |   1 |  604.0 |
               +--------+--------+--------+--------+--------+-----+--------+

Top non-repeatable levels by time:
     D:4: 1402 daAuts
     D:2: 1393 daAuts
     D:7: 1256 daAuts
     D:1: 1142 daAuts
     D:3: 963 daAuts
     D:5: 613 daAuts
 Ossuary: 604 daAuts
     D:6: 82 daAuts
